 Dungeon Crawl Stone Soup version 0.24.1 (webtiles) character file.

Game seed: 8913729003675727259, levelgen mode: deterministic

60 Mahalath the Skirmisher (level 3, -12/33 HPs)
             Began as a Minotaur Fighter on Apr 5, 2020.
             Blown up by Ijyb (23 damage)
             ... with a disintegration bolt
             ... on level 3 of the Dungeon.
             The game lasted 00:11:31 (762 turns).

Mahalath the Skirmisher (Minotaur Fighter)           Turns: 762, Time: 00:11:32

Health: -12/33     AC:  8    Str: 26    XL:     3   Next: 82%
Magic:  2/2        EV:  8    Int:  5    God:
Gold:   7          SH: 10    Dex:  9    Spells: 2/2 levels left

rFire    . . .     SeeInvis .   n - +0 flail
rCold    . . .     Gourm    .   c - +0 shield
rNeg     . . .     Faith    .   b - +1 scale mail
rPois    .         Spirit   .   (helmet restricted)
rElec    .         Reflect  .   (no cloak)
rCorr    .         Harm     .   (no gloves)
MR       .....                  (no boots)
Stlth    ..........             (no amulet)
HPRegen  0.11/turn              (no ring)
MPRegen  0.08/turn              (no ring)

@: mighty, lethally poisoned (-12 -> -14)
A: retaliatory headbutt, horns 2
a: no special abilities


You were on level 3 of the Dungeon.
You were not hungry.

You visited 1 branch of the dungeon, and saw 3 of its levels.

You collected 7 gold pieces.

Inventory:

Hand Weapons
 a - a +0 war axe
 n - a +0 flail (weapon)
Missiles
 g - 22 arrows
Armour
 b - a +1 scale mail (worn)
 c - a +0 shield (worn)
 m - a cursed +0 robe
 o - a +0 ring mail
Scrolls
 j - 2 scrolls of identify
 k - a scroll of magic mapping
 l - a scroll of immolation {unknown}
 p - a scroll of enchant weapon {unknown}
Potions
 e - a potion of lignification {unknown}
 h - 2 potions of brilliance {unknown}
Comestibles
 f - 2 rations


   Skills:
 + Level 4.2 Fighting
 - Level 2.9(3.0) Axes
 * Level 1.0(2.1) Maces & Flails
 + Level 4.2 Armour
 * Level 0.5 Dodging
 + Level 4.1 Shields


You had 2 spell levels left.
You didn't know any spells.
Your spell library was empty.

Dungeon Overview and Level Annotations

Branches:
Dungeon (3/15)

Altars:
Vehumet
Wu Jian

Annotations:
D:3 Ijyb


Innate Abilities, Weirdness & Mutations

You reflexively headbutt those who attack you in melee.
You have a pair of horns on your head.


Message History

The adder bites you.
You are poisoned.
The adder poisons you! The adder bites you but does no damage.
You closely miss the adder.
The adder is severely wounded.
You feel sick. The adder bites you but does no damage.
You miss the adder. Your headbutt misses the adder.
The adder is severely wounded.
You block the adder's attack. x2
You sock the adder!
You kill the adder!
Your base Maces & Flails skill increases to level 1!
You feel sick.
You hit Ijyb but do no damage. Your headbutt misses Ijyb.
Ijyb zaps a wand.
You are blasted!
Ijyb hits you but does no damage.
You barely miss Ijyb. Your headbutt misses Ijyb. You block Ijyb's attack.
You feel very mighty all of a sudden.
Ijyb zaps a wand.
You are blasted!
Ouch! That really hurt!
You die...

#..... #.# #.#
#.......#
#..... #..
##.####.#######
#.....
#..##)...##.#
#........##.#
..............#
....#.##..#####
....#.....#
......##.##
...##...@#
#..#g#
.....#g..#
).### #...... .
........+
........#
.........#
##.......#
........#


You could see Ijyb and a hobgoblin.

Vanquished Creatures
  3 adders (D:3)
  3 oozes
  A leopard gecko (D:2)
  A bat (D:2)
  A giant cockroach (D:2)
  A goblin (D:3)
  3 hobgoblins
  2 kobolds
  3 quokkas (D:3)
  2 frilled lizards
  A rat (D:1)
21 creatures vanquished.

Notes
Turn   | Place    | Note
-------+----------+-------------------------------------------
     0 | D:1      | Mahalath the Minotaur Fighter began the quest for the Orb.
     0 | D:1      | Reached XP level 1. HP: 19/19 MP: 0/0
   122 | D:2      | Found a radiant altar of Vehumet.
   126 | D:2      | Reached XP level 2. HP: 27/27 MP: 1/1
   441 | D:3      | Found an ornate altar of the Wu Jian Council.
   502 | D:3      | Reached XP level 3. HP: 29/33 MP: 2/2
   741 | D:3      | Noticed Ijyb
   759 | D:3      | Reached skill level 1 in Maces & Flails
   762 | D:3      | Blown up by Ijyb

Levels and vault maps discovered:
D:1:      kennysheep_arrival_forest, layout_basic
D:2:      layout_rooms, vehumet_crystals, minitemple, kennysheep_generic_room_7
D:3:      layout_basic, lemuel_doored_altar, first_ration,
          kennysheep_okawaru_gauntlet, uniq_ijyb

Skill      XL: |  1  2  3 |
---------------+----------+-----
Fighting       | 4 |  4.2
Armour         | 4 |  4.2
Shields        | 4 |  4.1
Maces & Flails | 1 |  1.0
Axes           | |  2.9
Dodging        | |  0.5

Action                   || total
-------------------------++-------
Melee: War axe           ||    29
       Headbutt          ||     6
       Flail             ||    46
  Use: Scroll            ||     3
       Potion            ||     2
Armor: Scale mail        ||    36
Dodge: Dodged            ||    21
Block: Shield            ||    48
